 Dungeon Crawl Stone Soup version 0.20.1-1-g8b1a95d (webtiles) character file.

18573 foxmk the Severer (level 12, -11/106 HPs)
             Began as a Minotaur Berserker on Oct 10, 2017.
             Was a High Priest of Trog.
             Mangled by an iron troll (20 damage)
             ... summoned by the player character
             ... in a labyrinth.
             The game lasted 01:17:46 (11501 turns).

foxmk the Severer (Minotaur Berserker)             Turns: 11501, Time: 01:17:46

Health: -11/106    AC: 12    Str: 26    XL:     12   Next: 28%
Magic:  0/16       EV: 20    Int:  8    God:    Trog [*****.]
Gold:   1108       SH:  0    Dex: 12    Spells: 11/11 levels left

rFire    . . .     SeeInvis .   a - +2 executioner's axe of Disorder {drain, rC+ rN+ Dex+3}
rCold    + + .     Gourm    .   (shield currently unavailable)
rNeg     + . .     Faith    .   K - +4 moon troll leather armour {Spirit, Regen++ MP+5}
rPois    .         Spirit   +   (helmet restricted)
rElec    .         Reflect  .   (no cloak)
rCorr    .         Harm     .   y - +2 pair of gloves
MR       .....                  (no boots)
Stlth    +.........             N - amulet of Enyobid {+Rage rC+ Int+4 Dex-5}
Regen    1.1/turn               s - +3 ring of evasion
MPRegen  0.2/turn               J - +3 ring of dexterity

@: no status effects
A: retaliatory headbutt, horns 2
a: Berserk, Trog's Hand, Brothers in Arms, Burn Spellbooks, Renounce Religion,
Evoke Berserk Rage


You were in a labyrinth.
You worshipped Trog.
Trog was extremely pleased with you.
You were not hungry.

You visited 3 branches of the dungeon, and saw 14 of its levels.
You also visited: Labyrinth, Ossuary and Bailey.

You collected 1108 gold pieces.

Inventory:

Hand Weapons
 a - the +2 executioner's axe of Disorder (weapon) {drain, rC+ rN+ Dex+3}
   (You acquired it on level 10 of the Dungeon)

   A truly terrible weapon, it drains the life of those it strikes.
   It affects your dexterity (+3).
   It protects you from cold.
   It protects you from negative energy.
 m - a +0 hunting sling
 r - a +0 flail of draining
 A - a +0 war axe of chopping
 D - a +2 great sword of holy wrath
 M - a +1 flail of protection
Missiles
 n - 333 stones (quivered)
Armour
 y - a +2 pair of gloves (worn)
 K - the +4 moon troll leather armour (worn) {Spirit, Regen++ MP+5}
   (You found it in a bailey)

   It affects your magic capacity (+5).
   It increases your rate of regeneration.
 Y - a +1 ring mail of cold resistance
Jewellery
 c - a +2 ring of strength
 g - an uncursed ring of poison resistance
 q - an uncursed ring of resist corrosion
 s - a +3 ring of evasion (left hand)
 J - a +3 ring of dexterity (right hand)
 N - the amulet of Enyobid (around neck) {+Rage rC+ Int+4 Dex-5}
   (You found it in a bailey)

   [amulet of rage]

   It affects your intelligence (+4).
   It affects your dexterity (-5).
   It protects you from cold.
   It lets you go berserk.
 U - an uncursed ring of ice
Wands
 u - a wand of random effects (31/48)
 B - a wand of paralysis (14/24)
 F - a wand of lightning (3/15)
 O - a wand of confusion (22/48)
Scrolls
 b - 4 scrolls of enchant armour
 e - 10 scrolls of remove curse
 h - 2 scrolls of recharging
 i - 2 scrolls of magic mapping
 j - 2 scrolls of immolation
 p - 6 scrolls of teleportation
 t - a scroll of noise
 v - a scroll of fog
 w - a scroll of enchant weapon
Potions
 f - 4 potions of lignification
 k - 2 potions of curing
 l - a potion of resistance
 x - a potion of haste
 C - a potion of might
Comestibles
 o - 5 royal jellies
 z - 6 fruits
 X - 2 bread rations


   Skills:
 - Level 10.0 Fighting
 + Level 18.2 Axes
 - Level 5.0 Armour
 - Level 10.0 Dodging


You had 11 spell levels left.
You didn't know any spells.

Dungeon Overview and Level Annotations

Branches:
Dungeon (11/15)            Temple (1/1) D:5            Lair (0/6) D:10
    Orc (2/2) D:11            Elf (0/3) Orc:2

Altars:
Ashenzari
Cheibriados
Dithmenos
Elyvilon
Fedhas
Gozag
Hepliaklqana
Kikubaaqudgha
Makhleb
Nemelex Xobeh
Okawaru
Qazlal
Ru
Sif Muna
Trog
Uskayaw
Vehumet
Xom
Yredelemnul
Zin
The Shining One

Annotations:
D:7 exclusion: oklob plant


Innate Abilities, Weirdness & Mutations

You reflexively headbutt those who attack you in melee.
You have a pair of horns on your head.


Message History

The fiery explosion engulfs you!
* * * LOW HITPOINT WARNING * * *
The fiery explosion engulfs your iron troll.
Your iron troll resists.
Your iron troll is lightly wounded.
The iron troll completely misses you. x2; The iron troll claws you.
* * * LOW HITPOINT WARNING * * *
Your deep troll goes berserk!
You feel somewhat more hungry. The iron troll completely misses you.
The iron troll claws you!!
* * * LOW HITPOINT WARNING * * *
The iron troll claws you.
* * * LOW HITPOINT WARNING * * *
Okay, then.
As you read the scroll of fog, it crumbles to dust.
The scroll dissolves into smoke.
Your deep troll bites the iron troll but does no damage.
Your deep troll claws the iron troll!!
Your deep troll claws the iron troll.
The iron troll bites you. The iron troll claws you!!
You die...

.. # # #. ####### .
#. ###8.8:8:8# # ...
#.)......<# # #
###.###.#8.8|8:8#.###
# #. ...
.#§#########... . #.
###.#TT@§....... . #
#. #....§§§§...#...
... #.###.###§###.###
# .#. # ...#... #...
#. #.## ####.###.###.
# #.# ... # . # #.# #
# # #.# #.# .. . . ##
# #


You could see an iron troll (berserk) and a friendly deep troll (berserk).

Vanquished Creatures
  Harold (D:10)
  A two-headed ogre (D:11)
  An orc sorcerer (Orc:1)
  2 ugly things (D:11)
  Maurice (D:10)
  Joseph (D:10)
  A komodo dragon (D:10)
  2 gargoyles
  A troll (Orc:2)
  Grinder (D:6)
  A minotaur skeleton (Lab)
  2 hippogriffs
  A vampire (D:10)
  2 redbacks (Lab)
  11 yaks
  A basilisk (Lab)
  2 hungry ghosts
  Grum (D:9)
  Menkaure (D:5)
  A soldier ant (D:11)
  3 wargs
  19 orc warriors
  2 sky beasts
  3 ice beasts
  A black bear (D:10)
  3 phantoms
  A necrophage (D:9)
  2 hornet zombies
  7 ogres
  4 centaurs
  A crocodile (D:8)
  3 wolves (D:9)
  A big kobold (D:9)
  3 bullfrogs
  2 wyvern zombies (Ossuary)
  4 gnoll sergeants (Bailey)
  A wyvern skeleton (D:11)
  A scorpion (D:11)
  Dowan (D:6)
  3 killer bees (D:9)
  4 wights (D:6)
  2 howler monkeys (D:11)
  An electric eel (D:7)
  2 bullfrog zombies (Ossuary)
  2 crimson imps
  A centaur zombie (D:6)
  8 hounds
  2 quasits (D:8)
  4 jellies
  13 orc priests
  3 gnoll shamans (Bailey)
  10 orc wizards
  3 centaur skeletons
  9 mummies (Ossuary)
  2 iguanas
  8 worker ants
  3 hound zombies
  2 howler monkey zombies
  2 worker ant zombies (Ossuary)
  11 gnolls (Bailey)
  7 adders
  A howler monkey skeleton (D:5)
  4 shadow imps
  A white imp (D:11)
  An ufetubus (D:11)
  An ooze (D:1)
  6 adder zombies
  2 adder skeletons
  3 worms
  A dart slug (D:5)
  3 leopard geckos
  88 orcs
  2 giant cockroaches (D:4)
  10 goblins
  6 hobgoblins
  17 jackals
  9 kobolds
  4 quokkas
  8 bats
  4 frilled lizards
  A jackal skeleton (D:5)
  2 jackal zombies (Ossuary)
  A leopard gecko zombie (D:6)
  A quokka skeleton (D:5)
  9 rats
384 creatures vanquished.

Vanquished Creatures (collateral kills)
  A stone giant (Orc:1)
  A minotaur (Lab)
  The ghost of chimenez the Slicer, a journeyman OpAs of Dithmenos (D:10)
  3 gargoyles (Lab)
  A shadow (D:10)
  Duvessa (D:6)
  2 orc warriors
  An ogre (Orc:2)
  4 gnoll sergeants (Bailey)
  3 gnoll shamans (Bailey)
  An orc wizard (Orc:2)
  3 gnolls (Bailey)
  9 orcs
31 creatures vanquished.

Vanquished Creatures (others)
  3 plants (D:10)
  2 withered plants (Ossuary)
5 creatures vanquished.

Grand Total: 420 creatures vanquished

Notes
Turn   | Place    | Note
-------+----------+-------------------------------------------
     0 | D:1      | foxmk the Minotaur Berserker began the quest for the Orb.
     0 | D:1      | Reached XP level 1. HP: 19/19 MP: 0/0
   111 | D:1      | Found a hide-covered altar of Uskayaw.
   225 | D:1      | Reached XP level 2. HP: 27/27 MP: 1/1
   384 | D:1      | Reached ** piety under Trog
   403 | D:1      | Reached skill level 5 in Fighting
   475 | D:1      | Reached XP level 3. HP: 36/36 MP: 2/2
  1539 | D:3      | Reached XP level 4. HP: 44/44 MP: 3/3
  1679 | D:3      | Found a snail-covered altar of Cheibriados.
  1686 | D:3      | Found a sacrificial altar of Ru.
  2041 | D:3      | Found a glowing golden altar of the Shining One.
  2048 | D:3      | Found a hazy altar of Hepliaklqana.
  2053 | D:3      | Found a stormy altar of Qazlal.
  2326 | D:4      | Noticed an ogre
  2333 | D:4      | Killed an ogre
  2333 | D:4      | Reached skill level 5 in Armour
  2333 | D:4      | Reached XP level 5. HP: 36/50 MP: 4/4
  2636 | D:4      | Reached skill level 4 in Axes
  2844 | D:4      | Reached skill level 5 in Axes
  2844 | D:4      | Reached XP level 6. HP: 55/57 MP: 5/5
  2913 | D:4      | Reached *** piety under Trog
  3091 | D:4      | Noticed an ice beast
  3101 | D:4      | Killed an ice beast
  3101 | D:4      | Reached skill level 6 in Axes
  3342 | D:5      | Entered Level 5 of the Dungeon
  3342 | D:5      | Noticed an ice beast
  3347 | D:5      | Killed an ice beast
  3347 | D:5      | Reached skill level 7 in Axes
  3347 | D:5      | Reached XP level 7. HP: 55/62 MP: 6/6
  3384 | D:5      | Noticed Menkaure
  3391 | D:5      | Killed Menkaure
  3391 | D:5      | Reached skill level 8 in Axes
  3661 | D:5      | Found a staircase to the Ecumenical Temple.
  3667 | Temple   | Entered the Ecumenical Temple
  3978 | D:6      | Found a sand-covered staircase.
  3979 | D:6      | Noticed Dowan
  3982 | Ossuary  | Entered an ossuary
  4034 | Ossuary  | Reached skill level 5 in Dodging
  4034 | Ossuary  | Reached XP level 8. HP: 70/70 MP: 7/7
  4042 | Ossuary  | Reached **** piety under Trog
  4430 | D:6      | Killed Dowan
  4464 | D:6      | Noticed Duvessa
  4475 | D:6      | Killed Duvessa
  4660 | D:6      | Received a gift from Trog
  4774 | D:6      | Noticed Grinder
  4789 | D:6      | Killed Grinder
  4789 | D:6      | Reached XP level 9. HP: 53/75 MP: 8/8
  5399 | D:7      | Reached skill level 9 in Axes
  5585 | D:7      | Found a blossoming altar of Fedhas.
  5595 | D:7      | Noticed an oklob plant
  5770 | D:7      | Found a sparkling altar of Nemelex Xobeh.
  5771 | D:7      | Found an opulent altar of Gozag.
  6144 | D:7      | Found a deep blue altar of Sif Muna.
  6531 | D:8      | Reached ***** piety under Trog
  6613 | D:8      | Reached skill level 10 in Axes
  6926 | D:9      | Reached XP level 10. HP: 90/90 MP: 9/9
  6994 | D:9      | Noticed Grum
  7004 | D:9      | Reached skill level 11 in Axes
  7010 | D:9      | Killed Grum
  7025 | D:9      | Found a flagged portal.
  7173 | Bailey   | Entered a bailey
  7311 | Bailey   | Got a scintillating jade amulet
  7370 | Bailey   | Reached skill level 10 in Fighting
  7701 | D:9      | Reached skill level 10 in Dodging
  7904 | D:9      | Found an opulent altar of Gozag.
  7959 | D:10     | Entered Level 10 of the Dungeon
  7992 | D:10     | Reached skill level 12 in Axes
  8224 | D:10     | Reached skill level 13 in Axes
  8291 | D:10     | Noticed Joseph
  8300 | D:10     | Killed Joseph
  8307 | D:10     | Noticed chimenez's ghost (journeyman OpAs)
  8324 | D:10     | Killed chimenez's ghost
  8386 | D:10     | Reached XP level 11. HP: 83/99 MP: 10/10
  8415 | D:10     | Found a staircase to the Lair.
  8422 | D:10     | Reached skill level 14 in Axes
  8437 | D:10     | Identified the amulet of Enyobid {+Rage rC+ Int+4 Dex-5} (You found it in a bailey)
  8517 | D:10     | Identified a scroll of acquirement
  8520 | D:10     | Got a warped executioner's axe
  8523 | D:10     | Identified the +2 executioner's axe of Disorder {drain, rC+ rN+ Dex+3} (You acquired it on level 10 of the Dungeon)
  8948 | D:10     | Noticed Maurice
  8957 | D:10     | Killed Maurice
  9045 | D:10     | Noticed Harold
  9070 | D:10     | Killed Harold
  9393 | D:11     | Noticed a two-headed ogre
  9399 | D:11     | Killed a two-headed ogre
  9399 | D:11     | Reached skill level 15 in Axes
  9483 | D:11     | Found a staircase to the Orcish Mines.
  9538 | D:11     | Noticed a cyan ugly thing
  9543 | D:11     | Killed a cyan ugly thing
  9623 | D:11     | Noticed a purple ugly thing
  9631 | D:11     | Killed a purple ugly thing
  9646 | D:11     | Reached skill level 16 in Axes
 10248 | Orc:1    | Entered Level 1 of the Orcish Mines
 10249 | Orc:1    | Noticed an orc sorcerer
 10255 | Orc:1    | Killed an orc sorcerer
 10307 | Orc:1    | Noticed a stone giant
 10325 | Orc:1    | Killed a stone giant
 10402 | Orc:1    | Reached skill level 17 in Axes
 10552 | Orc:1    | Reached XP level 12. HP: 55/106 MP: 9/11
 10677 | Orc:2    | Entered Level 2 of the Orcish Mines
 10804 | Orc:2    | Found a staircase to the Elven Halls.
 10900 | Orc:2    | Found a labyrinth entrance.
 10955 | Lab      | Entered a labyrinth
 11071 | Lab      | Received a gift from Trog
 11252 | Lab      | Reached skill level 18 in Axes
 11486 | Lab      | Noticed a minotaur
 11495 | Lab      | Killed a minotaur
 11501 | Lab      | Mangled by an iron troll

Skill      XL: |  1  2  3  4  5  6  7  8  9 10 11 12 |
---------------+-------------------------------------+-----
Fighting       | 4 5 8 10 | 10.0
Armour         | 5 |  5.0
Axes           | 5 7 8 10 13 17 18 | 18.2
Dodging        | 5 9 10 | 10.0

Action                   |  1- 3 |  4- 6 |  7- 9 | 10-12 || total
-------------------------+-------+-------+-------+-------++-------
Melee: Hand axe          |   109 |    90 |   324 |       ||   523
       Headbutt          |    13 |    18 |    94 |    73 ||   198
       War axe           |       |       |    68 |       ||    68
       Battleaxe         |       |       |     9 |   140 ||   149
       Executioner's axe |       |       |       |   248 ||   248
Invok: Berserk           |       |     2 |     8 |     7 ||    17
       Burn Spellbooks   |       |     1 |     1 |       ||     2
       Brothers in Arms  |       |       |     1 |    13 ||    14
       Trog's Hand       |       |       |     1 |     2 ||     3
Evoke: Wand              |       |       |       |     4 ||     4
  Use: Scroll            |     5 |     2 |     6 |    15 ||    28
       Potion            |       |       |       |    18 ||    18
 Stab: Distracted        |       |       |     1 |     1 ||     2
  Eat: Chunk             |     1 |     3 |     7 |    28 ||    39
       Meat ration       |     1 |       |       |     1 ||     2
       Bread ration      |       |       |     3 |       ||     3
       Fruit             |       |       |     1 |     1 ||     2
Armor: Chain mail        |    80 |    35 |   112 |    36 ||   263
       Troll leather arm |       |       |       |    91 ||    91
Dodge: Dodged            |    57 |    35 |   215 |   492 ||   799
